 Dungeon Crawl Stone Soup version 0.21.1-1-g345015f (webtiles) character file.

25 Opti87 the Conjurer (level 3, -6/19 HPs)
             Began as a Kobold Conjurer on May 24, 2018.
             Shot with an arrow by a centaur (10 damage)
             ... on level 5 of the Dungeon.
             The game lasted 00:08:21 (2200 turns).

Opti87 the Conjurer (Kobold Conjurer)               Turns: 2200, Time: 00:08:22

Health: -6/19      AC:  2    Str:  5    XL:     3   Next: 17%
Magic:  2/6        EV: 15    Int: 17    God:
Gold:   96         SH:  0    Dex: 15    Spells: 4/7 levels left

rFire    . . .     SeeInvis .   l - +0 dagger
rCold    . . .     Gourm    .   (shield restricted)
rNeg     . . .     Faith    .   a - +0 robe
rPois    .         Spirit   .   (no helmet)
rElec    .         Reflect  .   (no cloak)
rCorr    .         Harm     .   (no gloves)
MR       .....                  (no boots)
Stlth    ++........             (no amulet)
HPRegen  0.06/turn              (no ring)
MPRegen  0.10/turn              (no ring)

@: no status effects
A: small, carnivore
a: no special abilities


You were on level 5 of the Dungeon.
You were full.

You visited 1 branch of the dungeon, and saw 5 of its levels.

You collected 96 gold pieces.

Inventory:

Hand Weapons
 l - a +0 dagger (weapon)
Armour
 a - a +0 robe (worn)
 h - a +0 robe
Jewellery
 e - an uncursed ring of resist corrosion {unknown}
 f - an uncursed ring of protection from fire {unknown}
 i - a +1 ring of evasion {unknown}
 k - an uncursed ring of resist corrosion {unknown}
Scrolls
 d - 4 scrolls of identify {unknown}
 m - a scroll of remove curse {unknown}
 n - a scroll of enchant weapon {unknown}
Potions
 g - 2 potions of heal wounds {unknown}
Books
 b - a book of Conjurations

   Spells                             Type                      Level
   a - Magic Dart                     Conjuration                  1
   b - Searing Ray                    Conjuration                  2
   c - Dazzling Spray                 Conjuration/Hexes            3
   d - Fulminant Prism                Conjuration/Hexes            4
   e - Force Lance                    Conjuration/Translocation    4
   f - Iskenderun's Mystic Blast      Conjuration                  4
Comestibles
 c - 3 rations


   Skills:
 + Level 0.2 Short Blades
 + Level 2.9 Dodging
 + Level 3.3 Stealth
 + Level 2.5 Spellcasting
 + Level 4.2 Conjurations


You had 4 spell levels left.
You knew the following spells:

 Your Spells              Type           Power        Failure   Level  Hunger
a - Magic Dart            Conj           ###.         3%          1    #......
b - Searing Ray           Conj           ###...       4%          2    ##.....


Dungeon Overview and Level Annotations

Branches:
Dungeon (5/15)
 Temple: D:4-7

Altars:


Innate Abilities, Weirdness & Mutations

You are small and have problems with some larger weapons.
You are carnivorous and can eat meat at any time.


Message History

Casting: Magic Dart
Confirm with . or Enter, or press ? or * to list all spells.
Aiming: Magic Dart
Press: ? - help, Shift-Dir - straight line, f/p - iguana
Aim: an iguana (severely wounded)
The magic dart hits the iguana.
The iguana is severely wounded.
The centaur shoots an arrow.
The arrow hits you!
Ouch! That really hurt!
* * * LOW HITPOINT WARNING * * *
There is a stone staircase leading up here.
The iguana closely misses you.
You climb upwards.
The worm misses you.
There is a stone staircase leading down here.
As you read the scroll labeled TELIMPIRIU, it crumbles to dust.
You assume a fearsome visage.
The worm looks frightened!
The iguana looks frightened!
It was a scroll of fear.
You climb downwards.
The centaur shoots an arrow.
The arrow hits you!
Ouch! That really hurt!
You die...

#.. #. ...
#..###.#####....
#..........#....
#..............[
#..............
#..............
#......(c......
##.........##..
##..@#...##
#########


You could see a centaur.

Vanquished Creatures
  A dart slug (D:1)
  A leopard gecko (D:1)
  A ball python (D:3)
  7 bats
  A giant cockroach (D:4)
  4 goblins
  4 hobgoblins (D:1)
  A kobold (D:1)
  2 rats
22 creatures vanquished.

Notes
Turn   | Place    | Note
-------+----------+-------------------------------------------
     0 | D:1      | Opti87 the Kobold Conjurer began the quest for the Orb.
     0 | D:1      | Reached XP level 1. HP: 10/10 MP: 3/3
   354 | D:1      | Reached XP level 2. HP: 15/15 MP: 0/5
  1084 | D:1      | Learned a level 2 spell: Searing Ray
  1672 | D:2      | Reached XP level 3. HP: 19/19 MP: 4/6
  1877 | D:2      | You fall through a shaft for 2 floors!
  1936 | D:5      | Entered Level 5 of the Dungeon
  2190 | D:5      | Noticed a centaur
  2200 | D:5      | Shot with an arrow by a centaur

Skill      XL: |  1 |
---------------+----+-----
Stealth        | 3 |  3.3
Short Blades   | |  0.2
Dodging        | |  2.9
Spellcasting   | |  2.5
Conjurations   | |  4.2

Action                   || total
-------------------------++-------
Melee: Unarmed           ||     7
       Club              ||     3
       Dagger            ||     8
 Cast: Magic Dart        ||    49
       Searing Ray       ||     2
  Use: Scroll            ||     1
  Eat: Chunk             ||    10
Armor: Robe              ||     7
Dodge: Dodged            ||    32
